 Dungeon Crawl Stone Soup version 0.22-a0-367-gb72a975 (webtiles) character file.

86926 mortelune the Carver (level 15, -21/124 HPs)
             Began as a Demonspawn Abyssal Knight on Apr 22, 2018.
             Was the Champion of Lugonu.
             Blown up by an orb spider (37 damage)
             ... with an orb of destruction
             ... on level 1 of the Spider Nest.
             The game lasted 01:55:59 (45783 turns).

mortelune the Carver (Demonspawn Abyssal Knight)   Turns: 45783, Time: 01:56:00

Health: -21/124    AC: 30    Str: 18    XL:     15   Next: 42%
Magic:  22/22      EV: 11    Int: 15    God:    Lugonu [******]
Gold:   853        SH: 11    Dex: 14    Spells: 12/14 levels left

rFire    . . .     SeeInvis .   V - +3 scimitar (flame)
rCold    x . .     Gourm    .   F - +2 buckler {rN+}
rNeg     + + +     Faith    .   B - +4 plate armour
rPois    +         Spirit   .   (helmet restricted)
rElec    +         Reflect  +   (no cloak)
rCorr    .         Harm     .   u - +2 pair of gloves
MR       +....                  T - +2 pair of boots
Stlth    ..........             K - +4 amulet of reflection
HPRegen  0.30/turn              W - ring of poison resistance
MPRegen  0.18/turn              k - ring "Ocysch Coopp" {rElec rC- rN+ AC+4 Slay+2}

@: no status effects
A: antennae 2, thin skeletal structure 1, demonic guardian 2, negative energy
resistance 1, nightstalker 1
a: Depart the Abyss, Bend Space, Banish, Corrupt, Enter the Abyss, Brand Weapon
With Distortion, Renounce Religion


You were on level 1 of the Spider Nest.
You worshipped Lugonu.
Lugonu was exalted by your worship.
You were very hungry.

You visited 4 branches of the dungeon, and saw 24 of its levels.
You visited the Abyss 1 time.
You also visited: Bailey.

You collected 2742 gold pieces.
You spent 1889 gold pieces at shops.

Inventory:

Hand Weapons
 V - a +3 scimitar of flaming (weapon)
Missiles
 r - 4 javelins (quivered)
 A - 75 tomahawks of returning
Armour
 q - a +0 shield
 u - a +2 pair of gloves (worn)
 B - a +4 plate armour (worn)
 F - a +2 buckler of positive energy (worn)
 T - a +2 pair of boots (worn)
Jewellery
 k - the ring "Ocysch Coopp" (right hand) {rElec rC- rN+ AC+4 Slay+2}
   (You bought it in a shop on level 10 of the Dungeon)

   [ring of protection]

   It affects your AC (+4).
   It affects your accuracy and damage with ranged weapons and melee attacks
   (+2).
   It makes you vulnerable to cold.
   It insulates you from electricity.
   It protects you from negative energy.
 n - an uncursed ring of protection from cold
 t - a +3 ring of dexterity
 y - an uncursed ring of protection from cold
 D - an uncursed ring of see invisible
 K - a +4 amulet of reflection (around neck)
 Q - an uncursed ring of protection from magic
 R - an uncursed ring of fire
 S - an uncursed amulet of the acrobat
 U - a +4 ring of protection
 W - a ring of poison resistance (left hand)
Wands
 z - a wand of paralysis (49)
 C - a wand of iceblast (22)
 J - a wand of acid (16)
 Y - a wand of clouds (5)
 Z - a wand of polymorph (51)
Scrolls
 a - a scroll of identify
 e - 4 scrolls of teleportation
 g - 2 scrolls of blinking
 h - 6 scrolls of fog
 m - 11 scrolls of remove curse
 v - 3 scrolls of immolation
 w - 2 scrolls of enchant armour
 E - 2 scrolls of enchant weapon
 M - 4 scrolls of magic mapping
 P - 2 scrolls of fear
Potions
 b - 4 potions of heal wounds
 d - a potion of resistance
 f - 5 potions of brilliance
 i - 6 potions of magic
 j - a potion of ambrosia
 l - 4 potions of cancellation
 o - 2 potions of berserk rage
 s - 4 potions of flight
 G - 2 potions of invisibility
 I - 8 potions of mutation
 L - 3 potions of curing
 N - a potion of agility
 X - a potion of might
Miscellaneous
 p - a lightning rod (4/4)
 O - a phantom mirror
Comestibles
 c - 34 rations


   Skills:
 + Level 13.4 Fighting
 - Level 14.0 Long Blades
 + Level 0.5 Throwing
 + Level 12.1 Armour
 + Level 10.2 Dodging
 - Level 4.6 Shields
 + Level 10.1 Invocations


You had 12 spell levels left.
You knew the following spells:

 Your Spells              Type           Power        Failure   Level  Hunger
a - Call Imp              Summ           #.......     100%        2    ###....


Dungeon Overview and Level Annotations

Branches:
Dungeon (15/15)            Temple (0/1) D:6            Lair (6/6) D:9
 Shoals (0/4) Lair:3       Spider (1/4) Lair:2        Slime (0/5) Lair:5
    Orc (2/2) D:12            Elf (0/3) Orc:2        Vaults (0/5) D:14
 Depths (0/5) D:15

Altars:
Dithmenos
Elyvilon
Kikubaaqudgha
Okawaru
Sif Muna
Vehumet
Wu Jian
Zin
The Shining One
Beogh
Jiyva

Shops:
D:10 =   D:15 ?   Orc:1 %   Orc:2 =?%(

Annotations:
D:11 1 runed door
Lair:4 exclusion: 2 oklob plants
Lair:5 1 runed door


Innate Abilities, Weirdness & Mutations

You have a pair of antennae on your head.
You have a somewhat thin skeletal structure. (Dex +2, Stealth)
A demonic guardian rushes to your aid.
You resist negative energy. (rN+)
You are slightly more attuned to the shadows.


Message History

You throw a javelin. The javelin hits the orb spider.
The orb spider is heavily wounded.
The orb spider pulsates with a strange energy.
Throwing (i - inventory. (/) - cycle)
r - 7 javelins (quivered)
Press: ? - help, Shift-Dir - straight line, f/p - orb spider
Aim: an orb spider (heavily wounded, fully charged, clinging)
You throw a javelin.
The javelin closely misses the orb spider.
Throwing (i - inventory. (/) - cycle)
r - 6 javelins (quivered)
Press: ? - help, Shift-Dir - straight line, f/p - orb spider
Aim: an orb spider (heavily wounded, fully charged)
You throw a javelin. The javelin hits the orb spider!
The orb spider is severely wounded.
The orb spider weaves a glowing orb of energy.
An orb of destruction comes into view.
Throwing (i - inventory. (/) - cycle)
r - 5 javelins (quivered)
Press: ? - help, Shift-Dir - straight line, f - orb of destruction, p - orb spider
Aim: an orb of destruction You throw a javelin.
The orb of destruction hits you!
You die...

####### #
#(.#.(# .##
#((.††#...##
#.<§s.†....#
##.§.##..#..#
#.@§## ..#
###.# ..# ..#
.%. #... ....
###.. .....
..# ...


You could see an orb spider.

Vanquished Creatures
  2 fire dragons
  Erolcha (Orc:1)
  6 two-headed ogres
  3 hydras (Lair:6)
  6 centaur warriors
  An ogre mage (D:14)
  A death knight (D:12)
  A tengu warrior (D:13)
  A death yak (Lair:5)
  Urug (Lair:3)
  3 skeletal warriors
  A deep troll (D:14)
  3 unseen horrors
  2 wizards
  5 orc sorcerers
  3 orc knights
  A wolf spider zombie (D:13)
  8 ugly things
  2 deep elf magi
  A manticore (D:15)
  4 cyclopes
  2 elephants (Lair:6)
  A black mamba (shapeshifter) (D:14)
  4 black mambas (Lair:6)
  Maurice (Orc:1)
  3 molten gargoyles
  4 spiny frogs
  5 gargoyles
  2 freezing wraiths
  A rime drake (Lair:6)
  An efreet (D:13)
  A demonic crawler (Spider:1)
  6 komodo dragons
  5 kobold demonologists
  A polar bear (Lair:6)
  5 trolls
  A hornet (D:12)
  Grinder (D:3)
  A jumping spider (Spider:1)
  6 blink frogs (Lair:5)
  A dream sheep (Lair:6)
  9 slime creatures
  3 hippogriffs
  A vampire (D:14)
  A wraith (D:12)
  4 redbacks (Spider:1)
  3 shadows
  A tarantella (Spider:1)
  15 yaks
  A wyvern (shapeshifter) (D:14)
  2 wyverns (Lair:6)
  8 vampire mosquitoes (D:14)
  10 basilisks
  2 hungry ghosts
  A fire elemental (Lair:2)
  A steam dragon (Lair:6)
  Menkaure (D:7)
  An acid dragon (D:13)
  A warg (Orc:1)
  A soldier ant (shapeshifter) (D:14)
  5 soldier ants
  8 water moccasins
  7 porcupines
  3 hell hounds (Lair:6)
  5 ice beasts
  2 sky beasts
  3 black bears
  25 orc warriors
  A necrophage (D:9)
  6 phantoms
  8 ogres
  A hornet zombie (D:15)
  4 boggarts (D:14)
  9 centaurs
  11 crocodiles
  4 big kobolds
  18 bullfrogs
  Dowan (D:7)
  A wyvern skeleton (D:8)
  7 scorpions
  3 electric eels
  6 howler monkeys
  5 lava snakes
  3 centaur zombies
  5 crimson imps
  2 bullfrog zombies
  5 jellies
  7 hounds
  13 orc priests
  5 centaur skeletons
  A bullfrog skeleton (D:4)
  A gnoll shaman (D:7)
  Jessica (D:2)
  3 iguanas
  28 orc wizards
  17 worker ants
  2 hound skeletons
  3 worker ant zombies
  18 gnolls
  7 adders
  6 shadow imps
  5 oozes (D:10)
  6 worms
  4 dart slugs
  8 leopard geckos
  87 orcs
  7 bats
  3 giant cockroaches
  13 goblins
  16 hobgoblins
  14 jackals
  A quokka (D:6)
  5 ball pythons
  4 frilled lizards
  2 jackal skeletons
  35 kobolds
  7 rats
661 creatures vanquished.

Vanquished Creatures (collateral kills)
  An ettin (D:15)
  5 hydras
  A catoblepas (Lair:3)
  2 ogre magi (D:15)
  3 two-headed ogres
  2 centaur warriors
  A queen ant (Lair:3)
  5 death yaks
  A skeletal warrior (D:15)
  A fire crab (Lair:6)
  2 orc knights
  An orb spider (Lair:2)
  A wolf spider (Spider:1)
  An ugly thing (D:14)
  5 elephants
  A black mamba (Lair:6)
  A molten gargoyle (Lair:6)
  A gargoyle (D:14)
  3 spiny frogs
  A rime drake (Lair:5)
  A komodo dragon (Lair:4)
  2 kobold demonologists (D:14)
  A freezing wraith (D:12)
  4 slime creatures
  3 blink frogs (Lair:5)
  9 dream sheep
  A tarantella (Spider:1)
  19 yaks
  A basilisk (Lair:6)
  A hungry ghost (D:11)
  A golden eye (shapeshifter) (D:14)
  A steam dragon (D:8)
  A warg (Orc:2)
  A soldier ant (Lair:3)
  Edmund (D:5)
  2 water moccasins (Lair:6)
  2 porcupines
  Duvessa (D:7)
  An ice beast (D:10)
  2 black bears
  8 orc warriors
  A phantom (D:10)
  2 ogres
  A boggart (D:14)
  2 centaurs (D:6)
  A crocodile (Lair:6)
  2 bullfrogs
  2 crimson imps
  A jelly (D:6)
  6 orc wizards
  An orc priest (Orc:2)
  2 worker ants
  2 adders
  15 orcs
  A kobold (D:14)
141 creatures vanquished.

Vanquished Creatures (others)
  3 hydras
  A two-headed ogre (D:11)
  An orc high priest (Orc:2)
  An orc sorcerer (Orc:2)
  An ugly thing (D:13)
  2 freezing wraiths
  A troll (D:10)
  2 slime creatures (D:11)
  A snapping turtle (Lair:3)
  A soldier ant (Lair:3)
  An orc warrior (D:7)
  An iguana (D:4)
  A kobold (D:14)
  25 fungi
  22 plants
64 creatures vanquished.

Grand Total: 866 creatures vanquished

Notes
Turn   | Place    | Note
-------+----------+-------------------------------------------
     0 | Abyss:1  | mortelune the Demonspawn Abyssal Knight began the quest for the Orb.
     0 | Abyss:1  | Reached XP level 1. HP: 18/18 MP: 2/2
    25 | D:1      | Escaped the Abyss
    76 | D:1      | Reached skill level 1 in Dodging
    77 | D:1      | Reached skill level 2 in Long Blades
    85 | D:1      | Gained mutation: You have a pair of small antennae on your head. [demonic ancestry]
    85 | D:1      | Reached XP level 2. HP: 11/24 MP: 3/3
   395 | D:1      | Reached ** piety under Lugonu
   671 | D:1      | Reached XP level 3. HP: 23/29 MP: 4/4
  1368 | D:2      | Noticed Jessica
  1382 | D:2      | Killed Jessica
  1382 | D:2      | Reached skill level 3 in Long Blades
  1382 | D:2      | Reached XP level 4. HP: 7/35 MP: 5/5
  2447 | D:3      | Reached *** piety under Lugonu
  2922 | D:3      | Found a deep blue altar of Sif Muna.
  2923 | D:3      | Noticed Grinder
  3030 | D:4      | Gained mutation: You have a somewhat thin skeletal structure. (Dex +2, Stealth) [demonic ancestry]
  3030 | D:4      | Reached XP level 5. HP: 16/42 MP: 6/6
  3053 | D:4      | HP: 2/42 [poisoned by a scorpion]
  3061 | D:4      | HP: 1/42 [poisoned by a scorpion]
  3579 | D:4      | Reached skill level 4 in Long Blades
  3826 | D:4      | Gained mutation: A weak demonic guardian rushes to your aid. [demonic ancestry]
  3826 | D:4      | Reached XP level 6. HP: 10/48 MP: 7/7
  4686 | D:4      | Found a shadowy altar of Dithmenos.
  4903 | D:5      | Entered Level 5 of the Dungeon
  5021 | D:5      | Noticed Edmund
  5059 | D:5      | Killed Edmund
  5629 | D:5      | Found a white marble altar of Elyvilon.
  6527 | D:6      | Reached skill level 5 in Long Blades
  6527 | D:6      | Gained mutation: You have a pair of antennae on your head. [demonic ancestry]
  6527 | D:6      | Reached XP level 7. HP: 48/55 MP: 9/9
  7146 | D:6      | Reached **** piety under Lugonu
  7495 | D:6      | Reached skill level 5 in Fighting
  7571 | D:6      | Found a staircase to the Ecumenical Temple.
  7723 | D:6      | Found an ornate altar of the Wu Jian Council.
  7770 | D:6      | Found an ancient bone altar of Kikubaaqudgha.
  8200 | D:7      | Noticed Dowan
  8201 | D:7      | Noticed Duvessa
  8218 | D:7      | Killed Duvessa
  8218 | D:7      | Reached skill level 6 in Long Blades
  8218 | D:7      | Gained mutation: You are slightly more attuned to the shadows. [demonic ancestry]
  8218 | D:7      | Reached XP level 8. HP: 58/62 MP: 11/11
  8236 | D:7      | Killed Dowan
  8589 | D:7      | Noticed Menkaure
  8597 | D:7      | Killed Menkaure
  8597 | D:7      | Reached skill level 5 in Invocations
  9972 | D:7      | Reached skill level 7 in Long Blades
 10816 | D:8      | Reached skill level 5 in Armour
 10816 | D:8      | Reached XP level 9. HP: 58/69 MP: 13/13
 11990 | D:9      | Found a roughly hewn altar of Beogh.
 12254 | D:9      | Reached skill level 8 in Long Blades
 12597 | D:9      | Found a staircase to the Lair.
 13115 | D:9      | Reached ***** piety under Lugonu
 13687 | D:9      | Found an iron altar of Okawaru.
 13750 | D:9      | Found a glowing silver altar of Zin.
 13750 | D:9      | Found a radiant altar of Vehumet.
 13991 | D:10     | Entered Level 10 of the Dungeon
 14066 | D:10     | Noticed a troll
 14068 | D:10     | Banished a troll
 14248 | D:10     | Reached XP level 10. HP: 63/79 MP: 15/15
 14255 | D:10     | Reached skill level 9 in Long Blades
 14805 | D:10     | Got a scorched spear
 14808 | D:10     | Identified the +2 spear of the Maze {vamp, rC+} (You found it on level 10 of the Dungeon)
 14985 | D:10     | Found Isoepp's Jewellery Shop.
 14993 | D:10     | Bought an uncursed ring of poison resistance for 320 gold pieces
 15759 | D:11     | Noticed a two-headed ogre
 15771 | D:11     | Banished a two-headed ogre
 16485 | D:3      | Found a deep blue altar of Sif Muna.
 16731 | D:3      | Killed Grinder
 17074 | Lair:1   | Entered Level 1 of the Lair of Beasts
 17452 | Lair:1   | Noticed an eight-headed hydra
 17459 | Lair:1   | Banished an eight-headed hydra
 17459 | Lair:1   | Reached skill level 10 in Long Blades
 18321 | Lair:2   | Noticed a spiny frog
 18337 | Lair:2   | Killed a spiny frog
 18723 | Lair:2   | Noticed a molten gargoyle
 18800 | Lair:2   | Killed a molten gargoyle
 18800 | Lair:2   | Gained mutation: A demonic guardian rushes to your aid. [demonic ancestry]
 18800 | Lair:2   | Reached XP level 11. HP: 22/87 MP: 18/18
 19209 | Lair:2   | Found a hole to the Spider Nest.
 19209 | Lair:2   | Noticed an orb spider
 19778 | Lair:2   | Killed an orb spider
 20778 | Lair:3   | Noticed a seven-headed hydra
 20782 | Lair:3   | Noticed a queen ant
 20786 | Lair:3   | Banished a seven-headed hydra
 21476 | Lair:3   | Noticed a catoblepas
 21504 | Lair:3   | Killed a catoblepas
 21504 | Lair:3   | Reached skill level 10 in Invocations
 21684 | Lair:3   | Killed a queen ant
 21735 | Lair:3   | Noticed an eight-headed hydra
 21736 | Lair:3   | Banished an eight-headed hydra
 21736 | Lair:3   | Reached skill level 11 in Long Blades
 22056 | Lair:3   | Found a staircase to the Shoals.
 22340 | Lair:3   | Noticed Urug
 22351 | Lair:3   | Killed Urug
 22805 | Lair:4   | Noticed an oklob plant
 22805 | Lair:4   | Noticed an oklob plant
 23468 | Lair:4   | Reached XP level 12. HP: 49/96 MP: 19/19
 24732 | Lair:5   | Noticed a death yak
 24742 | Lair:5   | Noticed a death yak
 24757 | Lair:5   | Killed a death yak
 24765 | Lair:5   | Noticed a death yak
 24771 | Lair:5   | Killed a death yak
 24777 | Lair:5   | Killed a death yak
 24985 | Lair:5   | Reached skill level 12 in Long Blades
 26235 | Lair:5   | Found a runed door.
 26235 | Lair:5   | Found a viscous altar of Jiyva.
 26236 | Lair:5   | Noticed an azure jelly
 26237 | Lair:5   | Found a staircase to the Slime Pits.
 26237 | Lair:5   | Noticed an azure jelly
 26237 | Lair:5   | Noticed an azure jelly
 26404 | Lair:6   | Entered Level 6 of the Lair of Beasts
 26454 | Lair:6   | Reached skill level 10 in Fighting
 26489 | Lair:6   | Noticed a six-headed hydra
 26495 | Lair:6   | Killed a six-headed hydra
 26511 | Lair:6   | Noticed a four-headed hydra
 26523 | Lair:6   | Killed a ten-headed hydra
 26523 | Lair:6   | Reached skill level 5 in Dodging
 27148 | Lair:6   | Noticed a seven-headed hydra
 27154 | Lair:6   | Killed a seven-headed hydra
 27511 | Lair:6   | Noticed a death yak
 27513 | Lair:6   | Noticed a death yak
 27514 | Lair:6   | Noticed a death yak
 27517 | Lair:6   | Killed a death yak
 27523 | Lair:6   | Killed a death yak
 27525 | Lair:6   | Killed a death yak
 27895 | Lair:6   | Noticed an eight-headed hydra
 27905 | Lair:6   | Killed an eight-headed hydra
 27905 | Lair:6   | Reached XP level 13. HP: 49/104 MP: 20/20
 28428 | Lair:6   | Reached skill level 13 in Long Blades
 30270 | Lair:6   | Noticed a fire dragon
 30455 | Lair:6   | Found a large runed door.
 30456 | Lair:6   | Found a large runed door.
 30544 | Lair:6   | Killed a fire dragon
 31690 | D:11     | Found a glowing golden altar of the Shining One.
 31690 | D:11     | Noticed an angel
 31691 | D:11     | Found a runed door.
 31788 | D:11     | Noticed a fire dragon
 31884 | D:11     | Killed a fire dragon
 32843 | D:12     | Reached skill level 10 in Armour
 32873 | D:12     | Found a staircase to the Orcish Mines.
 35009 | D:13     | Reached skill level 14 in Long Blades
 35594 | D:13     | Reached XP level 14. HP: 75/113 MP: 21/21
 35934 | D:13     | HP: 5/113 [white ugly thing (49)]
 38836 | Orc:1    | Entered Level 1 of the Orcish Mines
 38841 | Orc:1    | Noticed Maurice
 38850 | Orc:1    | Killed Maurice
 38882 | Orc:1    | Noticed Erolcha
 38895 | Orc:1    | Killed Erolcha
 38965 | Orc:1    | Found a flagged portal.
 39059 | Bailey   | Entered a bailey
 39210 | Bailey   | Reached ****** piety under Lugonu
 39521 | Orc:1    | Found Kuithrad's Food Emporium.
 39698 | Orc:2    | Entered Level 2 of the Orcish Mines
 40228 | Orc:2    | Reached skill level 1 in Shields
 41227 | Orc:2    | Found a staircase to the Elven Halls.
 41756 | Orc:2    | Found Ynkud's Food Shop.
 41758 | Orc:2    | Found Zusky's Jewellery Boutique.
 41762 | Orc:2    | Found Geazoo's Weapon Shop.
 41762 | Orc:2    | Found Enoufu's Magic Scroll Boutique.
 41778 | Orc:2    | Bought a scroll of fog for 32 gold pieces
 41778 | Orc:2    | Bought a scroll of teleportation for 48 gold pieces
 42150 | D:10     | Bought the ring "Ocysch Coopp" {rElec rC- rN+ AC+4 Slay+2} for 889 gold pieces
 42150 | D:10     | Bought a +4 amulet of reflection for 432 gold pieces
 42846 | D:14     | Found a gate to the Vaults.
 43352 | D:14     | Got a slimy ring mail
 43353 | D:14     | Identified a scroll of acquirement
 43354 | D:14     | Identified the +1 ring mail of Vanity {rPois Int+3} (You took it off a kobold on level 14 of the Dungeon)
 43641 | D:14     | Identified the Guide on Spatial Venom
 44155 | D:15     | Entered Level 15 of the Dungeon
 44186 | D:15     | Gained mutation: You resist negative energy. (rN+) [demonic ancestry]
 44186 | D:15     | Reached XP level 15. HP: 103/122 MP: 22/22
 44287 | D:15     | Identified Sif Muna's Papyrus of Conjuration and Moulding
 44908 | D:15     | Found Tast's Magic Scroll Emporium.
 44920 | D:15     | Bought a scroll of fear for 42 gold pieces
 44920 | D:15     | Bought a scroll of blinking for 90 gold pieces
 44920 | D:15     | Bought a scroll of teleportation for 36 gold pieces
 44977 | D:15     | Reached skill level 10 in Dodging
 45252 | D:15     | Paralysed by an orc sorcerer for 2 turns
 45414 | D:15     | Found a staircase to the Depths.
 45721 | Lair:2   | Learned a level 2 spell: Call Imp
 45724 | Spider:1 | Entered Level 1 of the Spider Nest
 45783 | Spider:1 | Blown up by an orb spider

Vault maps used:
D:1:      dpeg_arrival_prison
D:2:      uniq_jessica
D:3:      lemuel_doored_altar, first_ration, uniq_grinder
D:4:      grunt_dithmenos_smoke
D:5:      lemuel_coloured_pillars_altar, uniq_edmund
D:6:      overflow_temple_1_default, lemuel_round_altar,
          minmay_temple_entry_statues_pillars, grunt_decor_arrowhead
D:7:      minmay_misc_feat_more_columns, grunt_ministairs_8, uniq_menkaure,
          uniq_duvessa
D:9:      grunt_temple_overflow_open, old_standard_altar,
          due_lair_maze_entry_diamond, special_room
D:10:     serial_shops, shop_statue, hangedman_little_slice_of_home
D:11:     dragon1_lemuel, st_stairs_1, lemuel_angel_altar
D:12:     orc_0_dummy, kennysheep_generic_room_16
D:14:     minmay_the_grid_3x3, david_vaults_2, minmay_misc_feat_pillars
D:15:     hangedman_depths_entry_civil_slaughter, serial_shops, shop,
          minmay_misc_feat_encased
Lair:1:   infiniplex_staircase_pool, serial_bayou_shore_b
Lair:2:   nicolae_spider_entry_orb_guardian
Lair:3:   minmay_shoals_entry_hut, wad_woods_antlair, grunt_megastairs_1,
          lemuel_fruit_tree, uniq_urug
Lair:4:   minmay_lair_oklob_chamber
Lair:5:   slime_altar_2, grunt_megastairs_3
Lair:6:   cheibrodos_lair_end_hotspot
Orc:1:    serial_shops, nicolae_shop_behind_doors, enter_bailey_3, uniq_maurice,
          uniq_erolcha
Orc:2:    st_orc_mages
Abyss:1:  minivault_19
Bailey:   bailey_axe_2, bailey

Skill      XL: |  1  2  3  4  5  6  7  8  9 10 11 12 13 14 15 |
---------------+----------------------------------------------+-----
Dodging        | 1 3 5 7 9 10 | 10.2
Long Blades    | 2 3 4 5 6 7 8 10 11 12 14 | 14.0
Armour         | 2 3 4 5 6 7 8 9 10 11 12 | 12.1
Fighting       | 4 5 6 7 8 9 10 11 12 13 | 13.4
Invocations    | 3 4 5 7 9 10 | 10.1
Shields        | 3 4 |  4.6
Throwing       | |  0.5

Action                   |  1- 3 |  4- 6 |  7- 9 | 10-12 | 13-15 || total
-------------------------+-------+-------+-------+-------+-------++-------
Melee: Falchion          |   118 |   261 |   740 |   602 |       ||  1721
       Great sword       |       |       |    10 |       |       ||    10
       Long sword        |       |       |       |   318 |   494 ||   812
       Dire flail        |       |       |       |     6 |     5 ||    11
       Scimitar          |       |       |       |       |  1100 ||  1100
Throw: Javelin           |       |     6 |     8 |     7 |     6 ||    27
       Tomahawk          |       |       |     3 |       |       ||     3
Invok: Banish            |       |     1 |     3 |    12 |     7 ||    23
Evoke: Wand              |       |       |       |     8 |     2 ||    10
  Use: Scroll            |       |    10 |     6 |    11 |    18 ||    45
       Potion            |       |       |     1 |     6 |     5 ||    12
 Stab: Distracted        |       |       |     6 |     8 |     3 ||    17
       Sleeping          |       |       |     1 |     1 |       ||     2
       Petrified         |       |       |       |     4 |       ||     4
  Eat: Chunk             |     2 |     9 |    20 |    24 |    33 ||    88
       Ration            |       |     2 |     2 |     8 |     9 ||    21
Armor: Leather armour    |    26 |       |       |       |       ||    26
       Scale mail        |    15 |   131 |    66 |   238 |   458 ||   908
       Plate armour      |       |       |   352 |   229 |   306 ||   887
       Ring mail         |       |       |    25 |       |       ||    25
Dodge: Dodged            |    77 |   106 |   221 |   345 |  1049 ||  1798
Block: Shield            |       |       |       |       |   175 ||   175
       Buckler           |       |       |       |       |   119 ||   119
       Reflection        |       |       |       |       |     9 ||     9
       Rpst.: Falchion   |    22 |    32 |    75 |    47 |       ||   176
       Great sword       |       |       |     2 |       |       ||     2
       Long sword        |       |       |       |    45 |    77 ||   122
       Scimitar          |       |       |       |       |   146 ||   146

Table legend:
 A = Spawn XP
 B = Non-spawn XP
 C = Spawn XP percentage of total XP
 D = Spawn monster count
 E = Non-spawn monster count
 F = Spawn count percentage of total count
 G = Total turns spent on level
                    A         B        C        D         E        F      G
               +---------+---------+-------+---------+---------+-------+---------
         Total |       0 |  124180 |   0.0 |       0 |     821 |   0.0 | 45783
               +---------+---------+-------+---------+---------+-------+---------
           D:1 |       0 |      67 |   0.0 |       0 |      36 |   0.0 |  1148
           D:2 |       0 |      84 |   0.0 |       0 |      19 |   0.0 |  1249
           D:3 |       0 |     314 |   0.0 |       0 |      17 |   0.0 |  1364
           D:4 |       0 |     258 |   0.0 |       0 |      17 |   0.0 |  1904
           D:5 |       0 |     243 |   0.0 |       0 |      13 |   0.0 |  1612
           D:6 |       0 |     542 |   0.0 |       0 |      15 |   0.0 |  1568
           D:7 |       0 |    1207 |   0.0 |       0 |      40 |   0.0 |  2634
           D:8 |       0 |    1023 |   0.0 |       0 |      26 |   0.0 |  1865
           D:9 |       0 |    1845 |   0.0 |       0 |      46 |   0.0 |  1895
          D:10 |       0 |    1702 |   0.0 |       0 |      20 |   0.0 |  1574
          D:11 |       0 |    6469 |   0.0 |       0 |      37 |   0.0 |  2281
          D:12 |       0 |    7452 |   0.0 |       0 |      41 |   0.0 |  2276
          D:13 |       0 |    8978 |   0.0 |       0 |      33 |   0.0 |  2828
          D:14 |       0 |   22245 |   0.0 |       0 |     103 |   0.0 |  2776
          D:15 |       0 |   19994 |   0.0 |       0 |      39 |   0.0 |  1426
        Lair:1 |       0 |    1404 |   0.0 |       0 |      10 |   0.0 |  1192
        Lair:2 |       0 |    3447 |   0.0 |       0 |      18 |   0.0 |  2722
        Lair:3 |       0 |    4506 |   0.0 |       0 |      23 |   0.0 |  1801
        Lair:4 |       0 |    4995 |   0.0 |       0 |      32 |   0.0 |  1927
        Lair:5 |       0 |    4950 |   0.0 |       0 |      19 |   0.0 |  2067
        Lair:6 |       0 |   19113 |   0.0 |       0 |      63 |   0.0 |  4355
      Spider:1 |       0 |    1926 |   0.0 |       0 |       9 |   0.0 |    59
         Orc:1 |       0 |    3948 |   0.0 |       0 |      30 |   0.0 |  1187
         Orc:2 |       0 |    7116 |   0.0 |       0 |      81 |   0.0 |  1688
        Bailey |       0 |     352 |   0.0 |       0 |      34 |   0.0 |   360
               +---------+---------+-------+---------+---------+-------+---------
